 Dungeon Crawl Stone Soup version 0.29.1-12-g30fa7ad0bf (webtiles) character file.

Game seed: 15486802485866779077

9 zeram the Sneak (level 2, -2/19 HPs)
             Began as an Octopode Brigand on Dec 26, 2022.
             Slain by a gnoll
             ... wielding a +0 flail
              (13 damage)
             ... on level 1 of the Dungeon.
             The game lasted 00:00:30 (580 turns).

zeram the Sneak (Octopode Brigand)                   Turns: 580, Time: 00:00:30

Health: -2/19      AC:  1    Str: 10    XL:     2   Next: 12%
Magic:  2/2        EV: 12    Int: 13    God:
Gold:   44         SH:  0    Dex: 13    Spells: 1/1 levels left

rFire   . . .      SeeInvis .   a - +2 dagger
rCold   . . .      Faith    .   (no shield)
rNeg    . . .      Spirit   .   (helmet restricted)
rPois   .          Reflect  .   (no amulet)
rElec   .          Harm     .   (no ring)
rCorr   .          Rampage  .   (no ring)
Will    .....                   (no ring)
Stlth   ++++......              (no ring)
HPRegen 0.06/turn               (no ring)
MPRegen 0.08/turn               (no ring)
                                (no ring)
                                (no ring)

@: no status effects
A: almost no armour, amphibious, 8 rings, camouflage 1, gelatinous body 1,
(nimble swimmer 1), tentacles
a: no special abilities


You were on level 1 of the Dungeon.
You visited 1 branch of the dungeon, and saw 1 of its levels.

You collected 44 gold pieces.

Inventory:

Hand Weapons
 a - a +2 dagger (weapon)
Missiles
 b - 9 poisoned darts (quivered)
 c - 3 curare-tipped darts
Scrolls
 d - a scroll of teleportation {unknown}
 e - 3 scrolls of enchant weapon {unknown}
 f - a scroll of vulnerability {unknown}


   Skills:
 - Level 2.0 Fighting
 + Level 2.2 Short Blades
 - Level 2.0 Throwing
 + Level 1.0 Dodging
 + Level 5.8 Stealth


You had one spell level left.
You didn't know any spells.
Your spell library contained the following spells:

 Spells                   Type           Power      Damage    Failure   Level
 Tukima's Dance           Hex            0%         N/A       67%         3
 Passage of Golubria      Tloc           0%         N/A       97%         4
 Yara's Violent Unravell  Hex/Tmut       0%         3d3       100%        5


Dungeon Overview and Level Annotations

Branches:
Dungeon (1/15)

Altars:


Innate Abilities, Weirdness & Mutations

You cannot wear most types of armour.
You are amphibious.
You can wear up to eight rings at the same time.
Your skin changes colour to match your surroundings (Stealth+).
Your rubbery body absorbs attacks. (AC +1, EV +1)
((You are camouflaged when in or above water. (Stealth+)))
You have tentacles for arms and can constrict up to eight enemies at once.


Message History

You have reached level 2!
You now have 30 gold pieces (gained 6).
Found a stone staircase leading down.
You open the door.
There is an open door here.
You open the door. You open the door. As you open the door, it creaks loudly!
There is an open door here.
There is an open door here.
There is an open door here.
Found a pair of gloves.
There is a stone staircase leading down here.
Key pressed, stopping explore.
You now have 44 gold pieces (gained 14).
You see here a +0 dagger.
A hobgoblin comes into view.
A hobgoblin is nearby!
The hobgoblin shouts!
You closely miss the hobgoblin. You grab the hobgoblin.
You squeeze the hobgoblin.
You kill the hobgoblin!
No target in view!
A gnoll comes into view. It is wielding a +0 flail.
The gnoll shouts!
A gnoll is nearby!
A gnoll is nearby!
A gnoll is nearby!
The gnoll hits you with a +0 flail!
You hit the gnoll. Your grab misses the gnoll.
The gnoll is moderately wounded.
The gnoll closely misses you.
You hit the gnoll. You grab the gnoll.
The gnoll is heavily wounded.
You constrict the gnoll. You hit the gnoll. You squeeze the gnoll.
The gnoll is severely wounded.
You constrict the gnoll. The gnoll hits you with a +0 flail!
Ouch! That really hurt!
You die...

###
##..################.##
......g@..............#
##.................#.##
#.###############.#.#
.. .........#.#
#.####.# ########..#.#
#.#..... ..#.......#.#
#.#.##.# #.#.###...#.#
#.#.##.# #.#.#.#...#.#
#.#†##.# #.#.......#.#


You could see a gnoll.

Vanquished Creatures
  A bat (D:1)
  An endoplasm (D:1)
  4 hobgoblins (D:1)
  A goblin (D:1)
7 creatures vanquished.

Notes
Turn   | Place    | Note
-------+----------+-------------------------------------------
     0 | D:1      | zeram the Octopode Brigand began the quest for the Orb.
     0 | D:1      | Reached XP level 1. HP: 14/14 MP: 1/1
   257 | D:1      | Reached XP level 2. HP: 19/19 MP: 2/2
   580 | D:1      | Slain by a gnoll

Illustrated notes

Levels and vault maps discovered:
D:1:      dpeg_arrival_radiant, layout_basic

Action                   || total
-------------------------++-------
Melee: Dagger            ||    12
       Constrict         ||     3
       Tentacles         ||     2
 Stab: Sleeping          ||     2
Armor: Skin              ||     2
Dodge: Dodged            ||     3
